 Dungeon Crawl Stone Soup version 0.30-a0-1114-gd936c97349 (webtiles) character file.

Game seed: 15983224429738210280

1000 Joey1 the Cleaver (level 8, 0/74 HPs)
             Began as a Minotaur Fighter on Mar 25, 2023.
             Was a Follower of Okawaru.
             Slain by a wight
             ... wielding a +4 long sword
              (12 damage)
             ... on level 6 of the Dungeon on Apr 20, 2023.
             The game lasted 00:15:06 (5270 turns).

Joey1 the Cleaver (Minotaur Fighter)                Turns: 5270, Time: 00:15:07

Health: 0/74       AC:  8    Str: 23    XL:     8   Next: 0%
Magic:  7/7        EV: 10    Int:  5    God:    Okawaru [*.....]
Gold:   200        SH:  4    Dex: 10    Spells: 7/7 levels left

rFire   + . .      SeeInvis .    a - +0 war axe
rCold   . . .      Faith    .    c - +0 buckler
rNeg    . . .      Spirit   .    t - +0 scale mail {rF+}
rPois   .          Reflect  .    (helmet restricted)
rElec   .          Rampage  .    (no cloak)
rCorr   .                        m - +0 pair of gloves
Will    .....                    (no boots) Stlth
                                 (no amulet)
HPRegen 0.32/turn                (no ring)
MPRegen 0.10/turn                (no ring)

@: no status effects
A: horns 2, retaliatory headbutt
a: Renounce Religion, Heroism


You were on level 6 of the Dungeon.
You worshipped Okawaru.
Okawaru was aware of your devotion.
You visited 2 branches of the dungeon, and saw 7 of its levels.

You collected 220 gold pieces.
You spent 20 gold pieces at shops.

Inventory:

Hand Weapons
 a - a +0 war axe (weapon)
 f - a +0 spear of flaming
 p - a +2 mace of draining
 u - the +4 spear "Jolipet" {vamp, rPois rF+ rC++ Will-}
   (You found it on level 4 of the Dungeon)

   rF:        It protects you from fire.
   rC:        It greatly protects you from cold.
   rPois:     It protects you from poison.
   Will:      It decreases your willpower.
Armour
 b - a +0 scale mail
 c - a +0 buckler (worn)
 m - a +0 pair of gloves (worn)
 t - a +0 scale mail of fire resistance (worn)
 C - a +0 plate armour
Jewellery
 s - a ring of fire
Scrolls
 e - 2 scrolls of torment
 g - a scroll of fear
 h - a scroll of brand weapon
 i - a scroll of fog {unknown}
 o - 3 scrolls of vulnerability {unknown}
 q - a scroll of immolation {unknown}
 v - a scroll of amnesia {unknown}
 x - a scroll of enchant armour {unknown}
 y - 2 scrolls of teleportation {unknown}
 z - a scroll of noise {unknown}
 A - a scroll of magic mapping {unknown}
 B - a scroll of enchant weapon {unknown}
Potions
 d - 2 potions of might
 j - a potion of ambrosia {unknown}
 k - 2 potions of curing
 l - a potion of flight {unknown}
 n - 2 potions of attraction
 r - a potion of heal wounds {unknown}
 w - a potion of experience {unknown}
 D - a potion of mutation {unknown}


   Skills:
 - Level 8.0 Fighting
 + Level 8.1 Axes
 - Level 4.0 Armour
 - Level 2.0 Dodging
 - Level 4.0 Shields


You had 7 spell levels left.
You didn't know any spells.
Your spell library was empty.

Dungeon Overview and Level Annotations

Branches:
Dungeon (6/15)             Temple (1/1) D:5

Altars:
Cheibriados
Dithmenos
Elyvilon
Fedhas
Gozag
Hepliaklqana
Kikubaaqudgha
Makhleb
Nemelex Xobeh
Okawaru
Ru
Trog
Uskayaw
Wu Jian
Xom
Yredelemnul
Zin
The Shining One

Shops:
D:3 ((?

Annotations:
D:3 3 runed translucent doors, drewk1942's ghost, amateur DECj
D:5 2 runed translucent doors, IdlyInterested's ghost, novice DsGl


Innate Abilities, Weirdness & Mutations

You have a pair of horns on your head.
You reflexively headbutt those who attack you in melee.


Message History

Okawaru accepts your kill.
You can now gain great but temporary skills.
You hit the wight.
The wight is moderately damaged.
The wight barely misses you.
You slash the wight!
The wight is almost destroyed.
You hit the wight but do no damage.
The wight hits you with a +4 long sword!
The wight hits you but does no damage.
You closely miss the wight.
The wight is almost destroyed.
You barely miss the wight.
The wight hits you with a +4 long sword!
You block the wight's attack.
You closely miss the wight.
The wight is almost destroyed.
You hit the wight.
The wight hits you with a +4 long sword!
* * * LOW HITPOINT WARNING * * *
The wight hits you with a +0 battleaxe!
* * * LOW HITPOINT WARNING * * *
You feel drained.
* * * LOW HITPOINT WARNING * * *
You feel better.
The wight hits you with a +4 long sword.
* * * LOW HITPOINT WARNING * * *
The wight closely misses you. You furiously retaliate!
You headbutt the wight!
You destroy the wight!
Okawaru accepts your kill.
Your life force feels restored.
Training target 8.0 for Fighting reached!
Your Fighting skill increases to level 8!
You need to enable at least one skill for training.
You have reached level 8!
You feel agile.
You hit the wight but do no damage.
The wight is severely damaged.
The wight hits you with a +4 long sword!
You die...

##..........................#
...##......................##
#...................#.....##
...##..........###.#####.##
..##...........###.# #...#
####...........#...###.###
..............†#.......#
##[..........#.).#######
##..###........#@# ##### ...
####...z.#z# #...# .##
#####..z.)...# #...#
#####...#......#####...# #
#....................#
##..#....#.....###.#...#
##.##..###.#.#.....#...#
...............#####...#
##..#.####.#.......#####


You could see a wight.

Vanquished Creatures
  A bullfrog (D:6)
  3 scorpions
  3 wights (D:6)
  2 howler monkeys
  3 jellies
  3 orc priests (D:4)
  Terence (D:2)
  4 iguanas
  3 orc wizards (D:5)
  Robin (D:4)
  A gnoll (D:6)
  3 adders
  An ufetubus (D:4)
  A worm (D:2)
  2 dart slugs
  7 orcs
  10 ball pythons
  5 endoplasms
  7 giant cockroaches
  10 goblins
  9 hobgoblins
  9 kobolds
  4 quokkas
  6 bats
  3 frilled lizards (D:3)
  5 rats
  A spectral goblin (D:2)
108 creatures vanquished.

Notes
Turn   | Place    | Note
-------+----------+-------------------------------------------
     0 | D:1      | Joey1 the Minotaur Fighter began the quest for the Orb.
     0 | D:1      | Reached XP level 1. HP: 19/19 MP: 0/0
    30 | D:1      | Upgraded the game from 0.30-a0-939-gc8157cb160 to
                  | 0.30-a0-1114-gd936c97349
   114 | D:1      | Reached XP level 2. HP: 27/27 MP: 1/1
   803 | D:2      | Found a basalt altar of Yredelemnul.
   831 | D:2      | Reached XP level 3. HP: 31/33 MP: 2/2
  1284 | D:2      | Noticed Terence
  1285 | D:2      | Found a faded altar of an unknown god.
  1293 | D:2      | Killed Terence
  1294 | D:2      | Reached XP level 4. HP: 26/40 MP: 3/3
  1505 | D:3      | Noticed drewk1942's ghost (amateur DECj)
  1518 | D:3      | Found Ynaingia's Magic Scroll Boutique.
  1526 | D:3      | Bought a scroll of identify for 20 gold pieces
  1601 | D:3      | Found a runed translucent gate.
  1601 | D:3      | Found a runed translucent gate.
  1602 | D:3      | Found a runed translucent gate.
  1814 | D:3      | Found Pottel's Antique Weapon Shoppe.
  1867 | D:3      | Reached skill level 5 in Axes
  2298 | D:3      | Found Dikhlefe's Weapon Shop.
  2546 | D:4      | Reached XP level 5. HP: 47/47 MP: 4/4
  2561 | D:4      | Reached skill level 5 in Fighting
  2777 | D:4      | Identified the +4 spear "Jolipet" {vamp, rPois rF+ rC++
                  | Will-}
  3225 | D:4      | Noticed Robin
  3235 | D:4      | Killed Robin
  3474 | D:5      | Entered Level 5 of the Dungeon
  3492 | D:5      | Reached XP level 6. HP: 45/56 MP: 5/5
  3542 | D:5      | Found a staircase to the Ecumenical Temple.
  3782 | D:5      | Found a hazy altar of Hepliaklqana.
  3792 | D:5      | Found a hide-covered altar of Uskayaw.
  3835 | D:5      | Reached skill level 1 in Dodging
  4057 | D:5      | Found a large runed translucent door.
  4057 | D:5      | Found a large runed translucent door.
  4058 | D:5      | Noticed IdlyInterested's ghost (novice DsGl)
  4130 | D:5      | Reached XP level 7. HP: 46/64 MP: 6/6
  4573 | Temple   | Entered the Ecumenical Temple
  4610 | Temple   | Became a worshipper of Warmaster Okawaru
  5263 | D:6      | Reached * piety under Okawaru
  5270 | D:6      | Reached XP level 8. HP: 12/74 MP: 7/7
  5270 | D:6      | Slain by a wight

Illustrated notes

Levels and vault maps discovered:
D:1:      dpeg_arrival_water_temple_mockup, layout_basic, minmay_pentomino_z4
D:2:      layout_loops_ring, basic_altar,
          dreamdust_ecumenical_altar_drowned_temple, minmay_indecisive_spiral,
          uniq_terence
D:3:      layout_loops_corners, serial_shops, shop,
          nicolae_shop_tiny_real_fake_doors, nicolae_shop_waterfront,
          gammafunk_ghost_icy
D:4:      layout_basic, hex_large, due_unseen_surprise, uniq_robin
D:5:      layout_basic, amethyst_overflow_temple_binary,
          minmay_temple_entry_slanted, ebering_ghost_disaster_area,
          hangedman_decor_clover_reticule, nicolae_kite_square_tiling_tiny
D:6:      layout_rooms, marbit_many_paths
Temple:   hellmonk_temple_of_storms

Skill      XL: |  1  2  3  4  5  6  7 |
---------------+----------------------+-----
Shields        | 4 |  4.0
Fighting       | 4 5 6 8 |  8.0
Axes           | 3 4 5 6 7 8 |  8.1
Armour         | 4 |  4.0
Dodging        | 2 |  2.0

Action                     |  1- 3 |  4- 6 |  7- 9 || total
---------------------------+-------+-------+-------++-------
  Melee: War axe           |    85 |   131 |    41 ||   257
         Headbutt          |     6 |    22 |    12 ||    40
    Use: Scroll            |       |     5 |       ||     5
         Potion            |       |     2 |     1 ||     3
 Armour: Scale mail        |    42 |    53 |     8 ||   103
  Dodge: Dodged            |    39 |    44 |    15 ||    98
  Block: Buckler           |    14 |    23 |     6 ||    43

Table legend: (Time is in decaauts)
 A = Elapsed time spent in this place.
 B = Non-inter-level travel time spent in this place.
 C = Inter-level travel time spent in this place.
 D = Time resting spent in this place.
 E = Time spent auto-exploring this place.
 F = Levels seen in this place.
 G = Mean time per level.
                   A        B        C        D        E       F      G
               +--------+--------+--------+--------+--------+-----+--------+
         Total |   5348 |   5181 |    167 |    374 |   3867 |   7 |  764.0 |
       Dungeon |   5295 |   5128 |    167 |    374 |   3845 |   6 |  882.5 |
        Temple |     52 |     52 |      0 |      0 |     22 |   1 |   52.0 |
               +--------+--------+--------+--------+--------+-----+--------+

Top non-repeatable levels by time:
     D:5: 1123 daAuts
     D:3: 1041 daAuts
     D:4: 953 daAuts
     D:2: 813 daAuts
     D:1: 727 daAuts
     D:6: 637 daAuts
  Temple: 52 daAuts
